 Dungeon Crawl Stone Soup version 0.30-a0-883-g5ad918d77d (webtiles) character file.

Game seed: 17325422710884205863

5954 Sanktem7 the Cleaver (level 10, -3/91 HPs)
             Began as a Minotaur Fighter on Mar 17, 2023.
             Was an Elder of Okawaru.
             Slain by an orc warrior
             ... wielding a +0 trident
              (7 damage)
             ... on level 10 of the Dungeon.
             The game lasted 00:16:22 (9307 turns).

Sanktem7 the Cleaver (Minotaur Fighter)             Turns: 9307, Time: 00:16:23

Health: -3/91      AC: 22    Str: 29    XL:     10   Next: 54%
Magic:  0/11       EV:  7    Int:  9    God:    Okawaru [****..]
Gold:   263        SH:  6    Dex: 10    Spells: 9/9 levels left

rFire   . . .      SeeInvis .    N - +6 flail "Uxuv" {heavy, Fragile Str+4 Int+4, mace}
rCold   . . .      Faith    .    c - +0 buckler
rNeg    . . .      Spirit   +    D - +0 plate armour
rPois   +          Reflect  .    (helmet restricted)
rElec   .          Rampage  .    w - +0 cloak
rCorr   +                        H - +0 pair of gloves
Will    .....                    F - +0 pair of boots Stlth
                                 t - amulet of guardian spirit
HPRegen 0.35/turn                f - +4 ring of protection
MPRegen 0.12/turn                e - ring of Fynafe Wugau {rPois rCorr Slay+2}

@: no status effects
A: horns 2, retaliatory headbutt
a: Renounce Religion, Heroism, Finesse


You were on level 10 of the Dungeon.
You worshipped Okawaru.
Okawaru was greatly pleased with you.
You visited 2 branches of the dungeon, and saw 11 of its levels.
You also visited: Sewer and Ossuary.

You collected 520 gold pieces.
You spent 257 gold pieces at shops.


Innate Abilities, Weirdness & Mutations

You have a pair of horns on your head.
You reflexively headbutt those who attack you in melee.


   Skills:
 + Level 9.1 Fighting
 * Level 12.0 Axes
 + Level 9.0 Armour
 + Level 9.1 Shields
 + Level 3.6 Invocations


You had 9 spell levels left.
You didn't know any spells.
Your spell library contained the following spells:

 Spells                   Type           Power      Damage    Failure   Level
 Cigotuvi's Dreadful Rot  Necr/Pois/Air  0%         N/A       99%         2
 Poisonous Vapours        Pois/Air       0%         N/A       99%         2
 Mephitic Cloud           Conj/Pois/Air  0%         N/A       100%        3
 Portal Projectile        Hex/Tloc       0%         N/A       100%        3
 Blade Hands              Tmut           0%         N/A       100%        5
 Tukima's Dance           Hex            Unusable   N/A       N/A         3

Inventory:

Hand Weapons
 a - a +1 war axe {axe}
 N - the +6 flail "Uxuv" (weapon) {heavy, Fragile Str+4 Int+4, mace}
   (You found it on level 9 of the Dungeon)

   Str:       It affects your strength (+4).
   Int:       It affects your intelligence (+4).
   Fragile:   It will be destroyed if unequipped.
Missiles
 h - 118 stones (quivered) {throwing}
 r - 36 poisoned darts {throwing}
 x - 29 boomerangs {throwing}
 A - a curare-tipped dart {=fthrowing}
 O - 2 atropa-tipped darts {throwing}
Armour
 c - a +0 buckler (worn)
 w - a +0 cloak (worn)
   (You found it on level 6 of the Dungeon)
 D - a +0 plate armour (worn)
   (You found it on level 4 of the Dungeon)
 F - a +0 pair of boots (worn)
   (You bought it in a shop on level 6 of the Dungeon)
 H - a +0 pair of gloves (worn)
   (You found it on level 6 of the Dungeon)
Jewellery
 e - the ring of Fynafe Wugau (right hand) {rPois rCorr Slay+2}
   (You bought it in a shop on level 4 of the Dungeon)

   [ring of poison resistance]

   Slay:      It affects your accuracy & damage with ranged weapons and melee
   (+2).
   rPois:     It protects you from poison.
   rCorr:     It protects you from acid and corrosion.
 f - a +4 ring of protection (left hand)
   (You found it on level 4 of the Dungeon)
 i - a ring of see invisible
   (You found it on level 1 of the Dungeon)
 t - an amulet of guardian spirit (around neck)
   (You found it on level 3 of the Dungeon)
Wands
 y - a wand of paralysis (12)
   (You found it on level 8 of the Dungeon)
 C - a wand of polymorph (19)
   (You found it on level 7 of the Dungeon)
 K - a wand of flame (4)
   (You found it on level 9 of the Dungeon)
Scrolls
 b - a scroll of identify {@r1}
 k - 4 scrolls of blinking {!r}
 m - 3 scrolls of immolation {!r!r}
 o - 2 scrolls of fog
 u - 4 scrolls of teleportation {@r4}
 L - a scroll of magic mapping {!r}
Potions
 d - 8 potions of might
 g - 3 potions of invisibility {unknown}
 j - 4 potions of degeneration {!q@e2}
 l - 3 potions of attraction {unknown}
 n - 4 potions of haste {@q3}
 p - a potion of magic {unknown}
 q - 5 potions of berserk rage {!q}
 s - 2 potions of brilliance
 v - 7 potions of curing {@q1}
 z - a potion of cancellation {unknown}
 G - 2 potions of mutation {unknown}
 I - a potion of heal wounds {@q2}
 M - 4 potions of lignification {unknown}

Dungeon Overview and Level Annotations

Branches:
Dungeon (10/15) Zot: 26671  Temple (1/1) D:6 Zot: 5901     Orc (0/2) D:10
  Sewer (visited)         Ossuary (visited)
   Lair: D:8-11

Altars:
Ashenzari
Elyvilon
Fedhas
Kikubaaqudgha
Nemelex Xobeh
Okawaru
Qazlal
Sif Muna
Trog
Uskayaw
Vehumet
Wu Jian
Xom
Yredelemnul
Zin
The Shining One

Shops:
D:2 ?   D:4 *! D:6

* #.. #. ## ### #.# ###
###.#########..
#........##....
####.........)†#..
#######.##........####..
#....o#...........# #..
#....o8o#.........# #..
#...oo)@o.....)...# #..
#..⌠oo8o##........# #..
#.....#)##...<....# #..
#.....#.####.###### ###
#>._. #.# #..# # #....
#.# ##+# # #... #.. .
#..⌠ 8..


You could see 3 orc warriors, 2 orc priests and 4 orcs.


Message History

Your Axes skill increases to level 12! 😮 HP[-3]
You take 3 damage, and now have 58/91 hp.
You block the orc's attack. The orc hits you but does no damage.
Items here: )) [ †.
The orc attacks as you move away! You block the orc's attack.
The orc priest calls upon Beogh to heal the orc priest.
The orc priest is healed somewhat.
The orc priest calls upon Beogh to heal the orc priest.
The orc priest's wounds heal themselves!
You thump the orc!
You kill the orc!
Okawaru accepts your kill. The orc barely misses you.
The orc warrior hits you from afar with a +0 halberd.
You bludgeon the orc!!
You kill the orc!
Okawaru accepts your kill.
The orc warrior hits you from afar with a +0 halberd.
You block the orc warrior's attack. 😮 HP[-3] MP[+1]
You take 3 damage, and now have 55/91 hp.
You barely miss the orc warrior. The orc warrior barely misses you.
The orc priest calls down the wrath of Beogh upon you.
Beogh smites you! 😮 HP[-8] MP[-2]
You take 8 damage, and now have 47/91 hp.
You lost 2 mp, and now have 6/11 mp.
The orc warrior hits you but does no damage. x3
Items here: )))) [ ††.
The orc warrior attacks as you move away!
The orc warrior barely misses you. You furiously retaliate!
You headbutt the orc warrior! You block the orc warrior's attack.
Things that are here:
a +0 club {mace}; an orc corpse; 😮 HP[+1]
You closely miss the orc. You headbutt the orc.
You kill the orc!
Okawaru accepts your kill.
The orc warrior hits you but does no damage. x2
The orc warrior barely misses you. x2
The orc warrior hits you with a +0 halberd.
* * * LOW HITPOINT WARNING * * *
The orc warrior hits you but does no damage.
The orc priest barely misses you. 😨 HP[-4]
You take 4 damage, and now have 44/91 hp.
You hit the orc priest.
The orc warrior hits you but does no damage.
The orc priest hits you but does no damage.
You block the orc warrior's attack.
The orc priest calls upon Beogh to heal the orc priest.
The orc priest's wounds heal themselves!
You block the orc warrior's attack.
The orc warrior hits you with a +0 trident!
* * * LOW HITPOINT WARNING * * *
The orc warrior hits you but does no damage.
The orc warrior barely misses you.
The orc priest hits you but does no damage. 😨 HP[-6]
You take 6 damage, and now have 38/91 hp.
You closely miss the orc priest. You headbutt the orc priest!
The orc warrior hits you with a +0 trident.
* * * LOW HITPOINT WARNING * * *
You block the orc warrior's attack.
The orc warrior hits you but does no damage.
The orc priest calls down the wrath of Beogh upon you.
Pain shoots through your body!
* * * LOW HITPOINT WARNING * * *
😨 HP[-13] MP[-1]
You take 13 damage, and now have 25/91 hp.
You lost 1 mp, and now have 5/11 mp.
You sock the orc priest!
You kill the orc priest!
Okawaru accepts your kill.
The orc warrior hits you but does no damage.
The orc warrior hits you with a +0 trident!
* * * LOW HITPOINT WARNING * * *
The orc warrior hits you but does no damage.
The orc barely misses you.
The orc warrior hits you but does no damage.
You block the orc warrior's attack. x2 😱 HP[-6] MP[-1]
You take 6 damage, and now have 19/91 hp.
You lost 1 mp, and now have 4/11 mp.
You hit the orc. Your headbutt misses the orc.
The orc hits you but does no damage. You block the orc warrior's attack.
The orc warrior hits you but does no damage. x2 😱 HP[+1]
You completely miss the orc warrior. Your headbutt misses the orc warrior.
You block the orc's attack. The orc warrior barely misses you.
The orc warrior hits you with a +0 trident!
* * * LOW HITPOINT WARNING * * *
The orc warrior hits you but does no damage.
The orc barely misses you. You furiously retaliate!
You headbutt the orc!
You kill the orc!
Okawaru accepts your kill.
The orc warrior hits you with a +0 halberd!
* * * LOW HITPOINT WARNING * * *
The orc warrior hits you with a +0 trident!
You die...

Skill      XL: |  1  2  3  4  5  6  7  8  9 10 |
---------------+-------------------------------+-----
Axes           | 3 4 5 6 7 9 11 12 | 12.0
Fighting       | 4 5 6 7 8 9 |  9.1
Armour         | 4 5 6 7 8 9 |  9.0
Shields        | 4 5 6 7 8 9 |  9.1
Invocations    | 2 3 |  3.6

Action                     |  1- 3 |  4- 6 |  7- 9 | 10-12 || total
---------------------------+-------+-------+-------+-------++-------
  Melee: War axe           |    55 |   154 |   247 |    61 ||   517
         Headbutt          |     4 |    32 |    46 |    16 ||    98
         Flail             |       |       |       |    47 ||    47
  Throw: Stone             |       |       |       |     1 ||     1
    Use: Scroll            |       |    10 |     8 |     2 ||    20
         Potion            |       |       |     2 |       ||     2
 Armour: Scale mail        |    28 |    44 |       |       ||    72
         Plate armour      |       |    40 |   175 |   153 ||   368
  Dodge: Dodged            |    24 |    57 |    88 |    62 ||   231
  Block: Buckler           |    10 |    21 |    66 |    69 ||   166

Levels and vault maps discovered:
D:1:      sevenhm_arrival_forest_fort_small_4, layout_basic,
          shapermc_ecumenical_altar_acropolis
D:2:      layout_basic, serial_shops, nicolae_shop_advertising_works
          [nicolae_subvault_shop_adworks]
D:3:      layout_loops_ring, mainiacjoe_overflow_divided_tiny
D:4:      layout_basic, enter_ossuary_2, serial_shops, shop,
          minmay_shop_grid_forest, nicolae_figureground_pulse
D:5:      layout_gridville, portal_sewer_entry_b, kennysheep_generic_room_2
D:6:      layout_layer_cave, temple_pool_b, nicolae_stop_n_shop_1, uniq_maggie
D:7:      layout_rooms, uniq_crazy_yiuf_cottage
D:8:      layout_basic, lemuel_doored_altar, nrook_mini_backslash
D:9:      layout_rooms, yredelemnul_altar_generic
D:10:     layout_roguey, david_orc_5, uniq_harold
Temple:   regret_index_temple_mists

Notes
Turn   | Place    | Note
-------+----------+-------------------------------------------
     0 | D:1      | Sanktem7 the Minotaur Fighter began the quest for the Orb.
     0 | D:1      | Reached XP level 1. HP: 19/19 MP: 0/0
     0 | D:1      | magus.rc [v1.9.6]
   543 | D:1      | Found a faded altar of an unknown god.
   906 | D:1      | Reached XP level 2. HP: 27/27 MP: 1/1
  1120 | D:2      | Reached skill level 3 in Axes
  1248 | D:2      | Reached skill level 4 in Fighting
  1248 | D:2      | Reached skill level 4 in Armour
  1248 | D:2      | Reached skill level 4 in Shields
  1248 | D:2      | Reached XP level 3. HP: 33/33 MP: 2/2
  1340 | D:2      | Found Bega Dan's Magic Scroll Shop.
  1686 | D:3      | Found a glowing silver altar of Zin.
  1687 | D:3      | Found an ornate altar of the Wu Jian Council.
  1898 | D:3      | Reached XP level 4. HP: 36/40 MP: 3/3
  1901 | D:3      | Reached skill level 4 in Axes
  2372 | D:3      | Reached XP level 5. HP: 20/47 MP: 2/4
  2571 | D:4      | Found Fafuzow's Assorted Antiques.
  2580 | D:4      | Bought a coiled platinum ring for 140 gold pieces
  2580 | D:4      | Identified the ring of Fynafe Wugau {rPois rCorr Slay+2}
                  | (You bought it in a shop on level 4 of the Dungeon)
  2683 | D:4      | Found a sand-covered staircase.
  2688 | Ossuary  | Entered an ossuary
  3094 | D:4      | You pick up a book of Vapours and begin reading...
  3094 | D:4      | You add the spells Poisonous Vapours, Cigotuvi's Dreadful
                  | Rot and Mephitic Cloud to your library.
  3180 | D:4      | Noticed a black bear
  3188 | D:4      | Killed a black bear
  3189 | D:4      | Reached skill level 5 in Axes
  3189 | D:4      | Reached XP level 6. HP: 50/55 MP: 5/5
  3193 | D:4      | Reached skill level 5 in Shields
  3503 | D:4      | Found Zusan's Distillery.
  3628 | D:5      | Entered Level 5 of the Dungeon
  3661 | D:5      | Reached skill level 5 in Fighting
  3661 | D:5      | Reached skill level 5 in Armour
  3743 | D:5      | Reached skill level 6 in Axes
  3756 | D:5      | Found a glowing drain.
  3776 | Sewer    | Entered a sewer
  3846 | Sewer    | Reached XP level 7. HP: 59/61 MP: 6/6
  4371 | D:5      | You pick up a book of Weapons and begin reading...
  4371 | D:5      | You add the spells Tukima's Dance, Portal Projectile and
                  | Blade Hands to your library.
  4572 | D:5      | Reached skill level 7 in Axes
  4576 | D:5      | Reached skill level 6 in Shields
  4578 | D:5      | Reached skill level 6 in Armour
  4584 | D:5      | Reached skill level 6 in Fighting
  4584 | D:5      | Reached XP level 8. HP: 66/70 MP: 7/7
  4760 | D:6      | Found Sasmirae's Assorted Antiques.
  4763 | D:6      | Bought a pair of boots for 117 gold pieces
  5050 | D:6      | Reached skill level 8 in Axes
  5050 | D:6      | Noticed a hornet
  5064 | D:6      | HP: 15/71 [yak (5)]
  5066 | D:6      | HP: 3/71 [yak (6)]
  5071 | D:6      | HP: 4/71 [hornet (10)]
  5071 | D:6      | HP: 1/71 [yak (3)]
  5089 | D:6      | HP: 3/71 [hornet (3)]
  5089 | D:6      | Killed a hornet
  5090 | D:6      | Reached skill level 7 in Fighting
  5090 | D:6      | Reached skill level 7 in Armour
  5090 | D:6      | Reached skill level 7 in Shields
  5311 | D:6      | Reached skill level 9 in Axes
  5319 | D:6      | Reached XP level 9. HP: 29/79 MP: 3/8
  5557 | D:6      | Found a staircase to the Ecumenical Temple.
  5575 | Temple   | Entered the Ecumenical Temple
  5633 | Temple   | Became a worshipper of Warmaster Okawaru
  6286 | D:6      | Noticed Maggie
  6294 | D:6      | Killed Maggie
  6463 | D:7      | Reached * piety under Okawaru
  6464 | D:7      | Reached skill level 10 in Axes
  6773 | D:7      | Noticed a troll
  6782 | D:7      | Killed a troll
  6783 | D:7      | Reached skill level 8 in Armour
  6783 | D:7      | Reached skill level 8 in Shields
  6783 | D:7      | Reached skill level 1 in Invocations
  6904 | D:7      | Reached skill level 8 in Fighting
  7150 | D:7      | Found a runed translucent door.
  7151 | D:7      | Noticed Crazy Yiuf
  7159 | D:7      | Killed Crazy Yiuf
  7245 | D:8      | Found a shimmering blue altar of Sif Muna.
  7672 | D:8      | Reached skill level 2 in Invocations
  7951 | D:8      | Noticed a two-headed ogre
  7956 | D:8      | Killed a two-headed ogre
  7956 | D:8      | Reached ** piety under Okawaru
  7957 | D:8      | Reached skill level 11 in Axes
  7957 | D:8      | Reached XP level 10. HP: 79/90 MP: 8/10
  8161 | D:9      | Reached *** piety under Okawaru
  8345 | D:9      | Found a basalt altar of Yredelemnul.
  8681 | D:9      | Reached skill level 3 in Invocations
  8724 | D:9      | Identified the +6 flail "Uxuv" {heavy, Fragile Str+4 Int+4}
  9007 | D:10     | Entered Level 10 of the Dungeon
  9121 | D:10     | Reached skill level 9 in Fighting
  9121 | D:10     | Reached skill level 9 in Shields
  9283 | D:10     | Found a staircase to the Orcish Mines.
  9288 | D:10     | Reached skill level 9 in Armour
  9294 | D:10     | Reached **** piety under Okawaru
  9295 | D:10     | Reached skill level 12 in Axes
  9305 | D:10     | HP: 19/91 [orc warrior/+0 trident (6)]
  9307 | D:10     | HP: 4/91 [orc warrior/+0 halberd (8)]
  9307 | D:10     | Slain by an orc warrior

Vanquished Creatures
  A two-headed ogre (D:8)
  Maggie (D:6)
  2 trolls
  2 hornets
  5 yaks (D:6)
  2 water moccasins
  3 orc warriors
  2 ice beasts (D:5)
  2 black bears
  A sky beast (D:7)
  An ogre (D:5)
  4 centaurs
  3 kobold brigands
  5 bullfrogs
  A gnoll sergeant (D:9)
  2 scorpions (D:5)
  4 killer bees (D:10)
  3 howler monkeys (D:10)
  A hound (D:5)
  A jelly (D:6)
  2 iguanas
  7 orc priests
  Crazy Yiuf (D:7)
  16 orc wizards
  2 sleepcaps
  A mummy (Ossuary)
  10 adders
  8 gnolls
  6 river rats (Sewer)
  A shadow imp (D:6)
  3 white imps
  2 worms
  49 orcs
  2 spectral bats (Ossuary)
  3 endoplasms
  7 giant cockroaches
  12 gnoll zombies (Ossuary)
  3 goblins
  A hobgoblin (D:2)
  A quokka (D:2)
  8 ball pythons
  A bat (D:1)
  2 bat simulacra (Ossuary)
  7 frilled lizards
  4 goblin simulacra (Ossuary)
  3 goblin zombies (Ossuary)
  5 hobgoblin zombies (Ossuary)
  19 kobolds
  4 kobold zombies (Ossuary)
  6 orc zombies (Ossuary)
  13 rats
  5 rat simulacra (Ossuary)
  4 spectral kobolds (Ossuary)
  3 spectral rats (Ossuary)
267 creatures vanquished.

Table legend:
 A = Non-vault XP
 B = Vault XP
 C = Vault XP percentage of total XP
 D = Non-vault monster count
 E = Vault monster count
 F = Vault count percentage of total count
                 A         B        C        D         E       F
            +---------+---------+-------+---------+---------+-------
      Total |    7186 |    1323 |  15.5 |     168 |      99 |  37.1
            +---------+---------+-------+---------+---------+-------
        D:1 |      12 |       0 |   0.0 |       8 |       0 |   0.0
        D:2 |      61 |       0 |   0.0 |      15 |       0 |   0.0
        D:3 |     124 |       0 |   0.0 |      21 |       0 |   0.0
        D:4 |     200 |       0 |   0.0 |       8 |       0 |   0.0
        D:5 |     506 |     338 |  40.0 |      10 |      10 |  50.0
        D:6 |    1633 |     389 |  19.2 |      24 |       1 |   4.0
        D:7 |    1094 |      40 |   3.5 |      20 |       1 |   4.8
        D:8 |    1424 |       0 |   0.0 |      28 |       0 |   0.0
        D:9 |    1307 |       0 |   0.0 |      23 |       0 |   0.0
       D:10 |     825 |     343 |  29.4 |      11 |      14 |  56.0
      Sewer |       0 |     133 | 100.0 |       0 |      22 | 100.0
    Ossuary |       0 |      80 | 100.0 |       0 |      51 | 100.0
            +---------+---------+-------+---------+---------+-------

Illustrated notes

Table legend:
 A = Kills in this place as a percentage of kills in the entire game.
 B = Kills by you in this place as a percentage of kills by you in the entire game.
 C = Kills by friends in this place as a percentage of kills by friends in the entire game.
 D = Other kills in this place as a percentage of other kills in the entire game.
 E = Experience gained in this place as a percentage of experience gained in the entire game.
 F = Experience gained in this place divided by the number of levels of this place that you have seen.
                   A       B       C       D       E      F
               +-------+-------+-------+-------+-------+----------------------
         Total | 100.0 | 100.0 |   N/A |   N/A | 100.0 | 654.5
       Dungeon |  72.7 |  72.7 |   N/A |   N/A |  97.5 | 829.6
         Sewer |   8.2 |   8.2 |   N/A |   N/A |   1.6 | 133.0
       Ossuary |  19.1 |  19.1 |   N/A |   N/A |   0.9 |  80.0
               +-------+-------+-------+-------+-------+----------------------

Table legend: (Time is in decaauts)
 A = Elapsed time spent in this place.
 B = Non-inter-level travel time spent in this place.
 C = Inter-level travel time spent in this place.
 D = Time resting spent in this place.
 E = Time spent auto-exploring this place.
 F = Levels seen in this place.
 G = Mean time per level.
                   A        B        C        D        E       F      G
               +--------+--------+--------+--------+--------+-----+--------+
         Total |   9504 |   9241 |    263 |    292 |   7162 |  13 |  731.1 |
       Dungeon |   8622 |   8380 |    242 |    292 |   6661 |  10 |  862.2 |
        Temple |     98 |     78 |     20 |      0 |     62 |   1 |   98.0 |
         Sewer |    402 |    402 |      0 |      0 |    257 |   1 |  402.0 |
       Ossuary |    380 |    380 |      0 |      0 |    181 |   1 |  380.0 |
               +--------+--------+--------+--------+--------+-----+--------+

Top non-repeatable levels by time:
     D:6: 1419 daAuts
     D:1: 1065 daAuts
     D:5: 995 daAuts
     D:8: 975 daAuts
     D:3: 944 daAuts
     D:9: 817 daAuts
     D:7: 778 daAuts
     D:4: 701 daAuts
     D:2: 599 daAuts
   Sewer: 402 daAuts
 Ossuary: 380 daAuts
    D:10: 326 daAuts
  Temple: 98 daAuts
